 Dungeon Crawl Stone Soup version 0.30-a0-1050-g2766ea1e55 (webtiles) character file.

Game seed: 8425531575887439131

17131 Ijustatesigmund the Thaumaturge (level 12, -3/64 HPs)
             Began as a Deep Elf Conjurer on Apr 11, 2023.
             Was an Elder of Cheibriados.
             Killed from afar by an ogre mage (24 damage)
             ... with a bolt of magma
             ... on level 12 of the Dungeon.
             The game lasted 00:38:05 (18185 turns).

Ijustatesigmund the Thaumaturge (DECj)             Turns: 18185, Time: 00:38:06

Health: -3/64      AC: 11    Str: 13    XL:     12   Next: 16%
Magic:  13/29      EV: 18    Int: 38    God:    Cheibriados [****..]
Gold:   730        SH:  6    Dex: 22    Spells: 16/39 levels left

rFire   + . .      SeeInvis .    D - +0 sling
rCold   . . .      Faith    .    g - +0 buckler
rNeg    . . .      Spirit   .    a - +0 robe
rPois   .          Reflect  .    x - +2 helmet
rElec   .          Rampage  .    H - +2 cloak
rCorr   .                        n - +1 pair of gloves
Will    +....                    P - +0 pair of boots
Stlth   +++                      (no amulet)
HPRegen 0.30/turn                j - ring of protection from fire
MPRegen 0.21/turn                i - +5 ring of evasion

@: very slightly contaminated, very slow
A: low MP 1, noise suppression
a: Renounce Religion, Bend Time, Temporal Distortion, Slouch


You were on level 12 of the Dungeon.
You worshipped Cheibriados.
Cheibriados was greatly pleased with you.
You visited 2 branches of the dungeon, and saw 14 of its levels.

You collected 730 gold pieces.

Inventory:

Hand Weapons
 e - a +3 trident of freezing
 D - a +0 sling (weapon)
 M - a +4 shortbow
Missiles
 A - a throwing net
 C - 7 curare-tipped darts
Armour
 a - a +0 robe (worn)
 g - a +0 buckler (worn)
 n - a +1 pair of gloves (worn)
 p - a scarf of resistance
 x - a +2 helmet (worn)
 H - a +2 cloak (worn)
 P - a +0 pair of boots (worn)
Jewellery
 f - a ring of flight
 i - a +5 ring of evasion (right hand)
 j - a ring of protection from fire (left hand)
 l - a +6 ring of strength
 Q - a ring of wizardry
Wands
 F - a wand of flame (22)
 G - a wand of polymorph (8)
 K - a wand of charming (5)
 N - a wand of mindburst (1)
Scrolls
 m - 7 scrolls of fog
 q - 2 scrolls of poison
 r - a scroll of silence
 t - 2 scrolls of enchant weapon
 y - 2 scrolls of brand weapon
 B - 2 scrolls of identify
 E - a scroll of teleportation
 L - a scroll of blinking
 R - a scroll of amnesia
Potions
 b - a potion of magic
 c - 2 potions of curing
 d - 2 potions of berserk rage
 h - 3 potions of lignification
 k - a potion of brilliance
 o - a potion of cancellation
 u - a potion of ambrosia
 v - a potion of mutation
 w - 2 potions of might
 z - 3 potions of flight
 I - 2 potions of attraction
 J - a potion of heal wounds {unknown}
 O - a potion of invisibility


   Skills:
 - Level 3.5 Fighting
 - Level 5.1 Ranged Weapons
 - Level 2.4 Dodging
 - Level 2.4 Stealth
 - Level 3.9 Shields
 + Level 14.0 Spellcasting
 - Level 12.1 Conjurations
 + Level 5.1 Necromancy
 - Level 4.4 Translocations
 - Level 3.3 Earth Magic
 + Level 8.5 Invocations
 - Level 4.1 Evocations


You had 16 spell levels left.
You knew the following spells:

 Your Spells              Type           Power      Damage    Failure   Level
a - Magic Dart            Conj           100%       1d8       0%          1
b - Searing Ray           Conj           100%       2d8       1%          2
c - Iskenderun's Mystic   Conj/Tloc      74%        2d15      1%          4
d - Stone Arrow           Conj/Erth      100%       3d13      1%          3
e - Passwall              Tmut/Erth      32%        N/A       1%          2
f - Orb of Destruction    Conj           43%        9d12      10%         7
g - Dispel Undead         Necr           60%        3d21      1%          4

Your spell library contained the following spells:

 Spells                   Type           Power      Damage    Failure   Level
 Sandblast                Erth           100%       2d20      1%          1
 Shock                    Conj/Air       100%       1d9       1%          1
 Cigotuvi's Dreadful Rot  Necr/Pois/Air  78%        N/A       1%          2
 Dazzling Flash           Conj/Hex       100%       N/A       1%          3
 Fulminant Prism          Conj/Hex       32%        3d16      1%          4
 Summon Guardian Golem    Hex/Summ       26%        N/A       4%          3
 Swiftness                Air            26%        N/A       4%          3
 Airstrike                Air            13%        2d(2-18)  17%         4
 Olgreb's Toxic Radiance  Pois           26%        N/A       17%         4
 Death Channel            Necr           30%        N/A       32%         6
 Spellforged Servitor     Conj/Summ      32%        N/A       77%         7
 Discord                  Hex            13%        N/A       100%        8
 Ignition                 Fire           13%        3d6       100%        8


Dungeon Overview and Level Annotations

Branches:
Dungeon (13/15) Temple (1/1) D:6 Lair (0/5) D:8 Orc (0/2) D:10 Vaults (0/5) D:12 D:13

Altars:
Ashenzari
Cheibriados
Dithmenos
Elyvilon
Fedhas
Gozag
Hepliaklqana
Kikubaaqudgha
Makhleb
Nemelex Xobeh
Okawaru
Qazlal
Ru
Sif Muna
Trog
Uskayaw
Vehumet
Wu Jian
Xom
Yredelemnul
Zin
The Shining One

Shops:
D:7 :   D:13 :

Annotations:
D:13 Rupert, Urug


Innate Abilities, Weirdness & Mutations

Your magical capacity is low. (-10% MP)
You passively dampen the noise of your surroundings.


Message History

The human is knocked back by the mystic blast.
Your Necromancy skill increases to level 5!
Casting: Iskenderun's Mystic Blast (dangerous; 1% risk of failure)
Confirm with . or Enter, or press ? or * to list all spells.
You erupt in a blast of force!
The mystic blast hits the human!
You kill the human!
Cheibriados appreciates the change of pace.
Your Spellcasting skill increases to level 14!
Casting: Iskenderun's Mystic Blast (dangerous; 1% risk of failure)
Confirm with . or Enter, or press ? or * to list all spells.
You erupt in a blast of force!
The mystic blast hits something!
The mystic blast hits the human!
You kill the human!
Cheibriados thoroughly appreciates the change of pace.
You start resting.
There is a strange disturbance nearby!
Aiming: Fastroot
Press: ? - help, Shift-Dir - straight line The roots erupt in riotous growth!
The now-empty wand crumbles to dust.
Casting: Iskenderun's Mystic Blast (dangerous; 1% risk of failure)
Confirm with . or Enter, or press ? or * to list all spells.
You can't see any susceptible monsters within range! (Use Z to cast anyway.)
Casting: Iskenderun's Mystic Blast (dangerous; 1% risk of failure)
Confirm with . or Enter, or press ? or * to list all spells.
You erupt in a blast of force!
The mystic blast hits something!
Magic courses through your body.
Casting: Iskenderun's Mystic Blast (dangerous; 1% risk of failure)
Confirm with . or Enter, or press ? or * to list all spells.
You can't see any susceptible monsters within range! (Use Z to cast anyway.) Unknown command.
Casting: Iskenderun's Mystic Blast (dangerous; 1% risk of failure)
Confirm with . or Enter, or press ? or * to list all spells.
You erupt in a blast of force!
Okay, then.
Okay, then.
You hear some strange, mumbled words.
A bolt of magma appears from out of thin air!
Deactivating autopickup; reactivate with Ctrl-A.
The bolt of magma hits you!! You partially resist.
You die...

..#........#.#....#........#
..#........#.#....#........#
..#........#.'....##.......#
..#........#.#.....#....####
..#........+.#.....#....#
..##########.#.....#....#
.............#######....#
................^.{>....#
'######.....####@####...#
......#.....#.......#...#
####..#.....'.......#...#
#..#.....#.......#...#
#..#.....#########...#
#..+.................#
#..#.................#
#..#.................#
####..#.......#''##.....########


There were no monsters in sight!

Vanquished Creatures
  Erolcha (D:9)
  Erica (D:11)
  3 two-headed ogres
  A boulder beetle (D:12)
  Sonja (D:12)
  An ugly thing (D:12)
  A gargoyle (D:12)
  An unseen horror (D:11)
  A kobold demonologist (D:12)
  A komodo dragon (D:11)
  3 trolls
  3 slime creatures
  3 wraiths
  2 wyverns
  13 yaks
  7 humans
  11 vampire mosquitoes
  3 wargs (D:10)
  2 water moccasins
  An orc warrior (D:4)
  4 black bears
  An ice beast (D:5)
  2 sky beasts (D:7)
  13 centaurs
  4 phantoms
  A kobold brigand (D:12)
  A bullfrog (D:6)
  4 scorpions
  26 wights
  5 howler monkeys
  2 gnoll boudas
  2 hounds (D:5)
  A jelly (D:5)
  7 orc priests
  Crazy Yiuf (D:7)
  An iron imp (D:6)
  2 iguanas (D:5)
  14 orc wizards
  Robin (D:2)
  7 gnolls
  7 adders
  An ufetubus (D:7)
  3 dart slugs
  32 orcs
  7 bats
  10 endoplasms
  4 giant cockroaches
  13 goblins
  5 hobgoblins
  4 jackals (D:2)
  9 kobolds
  3 quokkas
  4 ball pythons
  4 frilled lizards (D:1)
  3 rats (D:2)
268 creatures vanquished.

Vanquished Creatures (others)
  4 plants (D:7)
4 creatures vanquished.

Grand Total: 272 creatures vanquished

Notes
Turn   | Place    | Note
-------+----------+-------------------------------------------
     0 | D:1      | Ijustatesigmund the Deep Elf Conjurer began the quest for
                  | the Orb.
     0 | D:1      | Reached XP level 1. HP: 10/10 MP: 6/6
   251 | D:1      | Reached XP level 2. HP: 15/15 MP: 5/8
   254 | D:1      | Learned a level 2 spell: Searing Ray
   559 | D:1      | Found a faded altar of an unknown god.
   901 | D:1      | Reached skill level 4 in Spellcasting
   901 | D:1      | Reached XP level 3. HP: 19/19 MP: 6/10
  1346 | D:2      | Reached skill level 5 in Conjurations
  1466 | D:2      | Reached skill level 1 in Shields
  1740 | D:2      | Noticed Robin
  1758 | D:2      | Reached XP level 4. HP: 24/24 MP: 9/12
  1766 | D:2      | Killed Robin
  2044 | D:3      | Learned a level 4 spell: Iskenderun's Mystic Blast
  2339 | D:3      | Reached skill level 5 in Spellcasting
  2339 | D:3      | Reached skill level 1 in Translocations
  2339 | D:3      | Reached XP level 5. HP: 28/28 MP: 9/14
  3129 | D:5      | Entered Level 5 of the Dungeon
  3436 | D:5      | Reached XP level 6. HP: 32/32 MP: 9/16
  3490 | D:5      | Reached skill level 6 in Spellcasting
  3876 | D:5      | Found a white marble altar of Elyvilon.
  3876 | D:5      | Found a shimmering blue altar of Sif Muna.
  3884 | D:5      | Found a basalt altar of Yredelemnul.
  3886 | D:5      | Found a broken altar of Ashenzari.
  3888 | D:5      | Found a radiant altar of Vehumet.
  4084 | D:5      | Reached XP level 7. HP: 36/36 MP: 13/18
  4274 | D:4      | Reached skill level 7 in Spellcasting
  4868 | D:4      | Identified the +1 ring mail "Defalor" {+Blink}
  5094 | D:5      | Reached skill level 1 in Fighting
  5094 | D:5      | Reached XP level 8. HP: 29/43 MP: 10/21
  5181 | D:5      | Found an ancient bone altar of Kikubaaqudgha.
  5684 | D:6      | Found a staircase to the Ecumenical Temple.
  5693 | Temple   | Entered the Ecumenical Temple
  5851 | D:6      | Reached skill level 8 in Spellcasting
  6351 | D:6      | Found a burning altar of Makhleb.
  6727 | D:6      | Found a shadowy altar of Dithmenos.
  6730 | D:6      | Found a hazy altar of Hepliaklqana.
  7065 | D:6      | Found a sparkling altar of Nemelex Xobeh.
  7162 | D:6      | Reached skill level 9 in Spellcasting
  7163 | D:6      | Reached XP level 9. HP: 50/50 MP: 16/24
  7715 | D:7      | Found a runed translucent door.
  7716 | D:7      | Noticed Crazy Yiuf
  7811 | D:7      | Reached skill level 1 in Ranged Weapons
  7952 | D:7      | Reached skill level 10 in Spellcasting
  8372 | D:7      | Found a snail-covered altar of Cheibriados.
  8377 | D:7      | Became a worshipper of Cheibriados the Contemplative
  8548 | D:7      | Found Iqojeeco's Tremendous Tomes.
  8623 | D:7      | Killed Crazy Yiuf
  8715 | D:8      | Learned a level 3 spell: Stone Arrow
  8718 | D:8      | Learned a level 2 spell: Passwall
  8910 | D:8      | Reached skill level 1 in Earth Magic
  8910 | D:8      | Reached skill level 1 in Invocations
  9382 | D:8      | Found a staircase to the Lair.
  9880 | D:9      | Noticed Erolcha
  9931 | D:9      | HP: 1/51 [Erolcha/bolt of light (17)]
  9933 | D:9      | Killed Erolcha
  9934 | D:9      | Reached XP level 10. HP: 2/56 MP: 0/26
 10217 | D:9      | Reached skill level 5 in Ranged Weapons
 10439 | D:9      | Reached skill level 10 in Conjurations
 10440 | D:9      | Gained mutation: You passively dampen the noise of your
                  | surroundings. [potion of mutation]
 10440 | D:9      | Gained mutation: Your magical capacity is low. (-10% MP)
                  | [potion of mutation]
 10442 | D:9      | Reached * piety under Cheibriados
 11221 | D:9      | Found a sacrificial altar of Ru.
 11775 | D:10     | Entered Level 10 of the Dungeon
 11997 | D:10     | Noticed a two-headed ogre
 12002 | D:10     | Noticed a two-headed ogre
 12006 | D:10     | Killed a two-headed ogre
 12007 | D:10     | Reached skill level 11 in Spellcasting
 12007 | D:10     | Reached skill level 1 in Evocations
 12017 | D:10     | Killed a two-headed ogre
 12541 | D:10     | Reached skill level 5 in Invocations
 12541 | D:10     | Reached XP level 11. HP: 50/60 MP: 10/26
 12893 | D:10     | Reached ** piety under Cheibriados
 13603 | D:10     | Reached skill level 12 in Spellcasting
 13710 | D:10     | Found a staircase to the Orcish Mines.
 13935 | D:11     | Noticed a two-headed ogre
 13946 | D:11     | Killed a two-headed ogre
 14057 | D:11     | Noticed a +0 hand axe
 14058 | D:11     | Noticed a +0 dagger
 14059 | D:11     | Found a hide-covered altar of Uskayaw.
 14291 | D:11     | Learned a level 7 spell: Orb of Destruction
 14504 | D:11     | Noticed Erica
 14519 | D:11     | Killed Erica
 14775 | D:11     | Reached *** piety under Cheibriados
 15728 | D:11     | Learned a level 4 spell: Dispel Undead
 15963 | D:11     | Reached skill level 1 in Necromancy
 16225 | D:12     | Reached skill level 13 in Spellcasting
 16295 | D:12     | Noticed a brown ugly thing
 16305 | D:12     | Killed a brown ugly thing
 16985 | D:12     | Noticed Sonja
 16987 | D:12     | Killed Sonja
 17470 | D:12     | Noticed a boulder beetle
 17493 | D:12     | Killed a boulder beetle
 17494 | D:12     | Reached XP level 12. HP: 32/64 MP: 2/28
 18164 | D:13     | Noticed Urug
 18164 | D:13     | Noticed Rupert
 18164 | D:13     | Noticed an ogre mage
 18164 | D:13     | Noticed a centaur warrior
 18164 | D:13     | Found a gate to the Vaults.
 18164 | D:13     | Found Tael's Book Shoppe.
 18168 | D:13     | Reached **** piety under Cheibriados
 18173 | D:12     | Reached skill level 5 in Necromancy
 18175 | D:12     | Reached skill level 14 in Spellcasting
 18185 | D:12     | Killed from afar by an ogre mage

Illustrated notes

Levels and vault maps discovered:
D:1:      wander_arrival_fairy_ring, layout_loops_ring, basic_ecumenical_altar,
          minmay_pentomino_x4
D:2:      layout_rooms, chequers_serial_rivers_marsh, uniq_robin
D:3:      layout_loops_cross, minmay_liquid_box, reono_crystal_passage
D:4:      layout_basic, guppyfry_early_orc_mine
D:5:      layout_basic, chequers_temple_overflow_minitemple, marbit_many_paths
D:6:      layout_basic, riverfiend_overflow_shadow_ancestor,
          makhleb_grotto_becter, nemelex_diamond_rough_becter,
          minmay_temple_entry_antechambers
D:7:      layout_rooms, mainiacjoe_overflow_alcove_2, serial_bayou_pond_d,
          chequers_jeans, grunt_ministairs_14, serial_bayou_pond_c,
          nicolae_shop_i_like_big_books, uniq_crazy_yiuf_cottage
D:8:      layout_basic, lair_entry_dummy
D:9:      layout_loops_corners, mainiacjoe_overflow_small_starburst,
          grunt_decor_clamped, uniq_erolcha
D:10:     layout_gridville, minmay_orc_entry_guard_dogs
D:11:     layout_loops_ring, dancing_weapons_uskayaw, uniq_erica
D:12:     layout_irregular_city, uniq_sonja
D:13:     layout_cross, david_vaults_3, serial_shops, shop,
          nicolae_shop_behind_doors, serial_bayou_crossing
Temple:   compressed_dpeg_circular_temple

Skill      XL: |  1  2  3  4  5  6  7  8  9 10 11 12 |
---------------+-------------------------------------+-----
Spellcasting   | 4 5 6 7 9 10 11 13 14 | 14.0
Conjurations   | 5 6 7 8 9 11 12 | 12.1
Shields        | 1 3 |  3.9
Translocations | 1 2 3 4 |  4.4
Fighting       | 1 3 |  3.5
Ranged Weapons | 4 5 |  5.1
Earth Magic    | 2 3 |  3.3
Invocations    | 2 5 8 |  8.5
Evocations     | 3 4 |  4.1
Necromancy     | 4 5 |  5.1
Dodging        | |  2.4
Stealth        | |  2.4

Action                     |  1- 3 |  4- 6 |  7- 9 | 10-12 || total
---------------------------+-------+-------+-------+-------++-------
  Melee: Rapier            |     9 |    16 |    12 |       ||    37
         Trident           |       |       |    25 |       ||    25
   Fire: Sling             |       |       |     2 |    96 ||    98
   Cast: Magic Dart        |    70 |    56 |   100 |    37 ||   263
         Searing Ray       |     5 |    10 |    36 |    12 ||    63
         Iskenderun's Myst |       |       |    33 |   111 ||   144
         Stone Arrow       |       |       |     8 |    25 ||    33
         Orb of Destructio |       |       |       |     6 ||     6
  Evoke: Wand              |       |       |       |    19 ||    19
    Use: Scroll            |     4 |    10 |       |    12 ||    26
         Potion            |       |       |     1 |     3 ||     4
 Armour: Robe              |     7 |     6 |    25 |    18 ||    56
  Dodge: Dodged            |    18 |    26 |    84 |    90 ||   218
  Block: Buckler           |       |     6 |    23 |    28 ||    57

Table legend: (Time is in decaauts)
 A = Elapsed time spent in this place.
 B = Non-inter-level travel time spent in this place.
 C = Inter-level travel time spent in this place.
 D = Time resting spent in this place.
 E = Time spent auto-exploring this place.
 F = Levels seen in this place.
 G = Mean time per level.
                   A        B        C        D        E       F      G
               +--------+--------+--------+--------+--------+-----+--------+
         Total |  19818 |  19356 |    462 |   6879 |  10542 |  14 | 1415.6 |
       Dungeon |  19730 |  19279 |    451 |   6879 |  10474 |  13 | 1517.7 |
        Temple |     87 |     77 |     10 |      0 |     68 |   1 |   87.0 |
               +--------+--------+--------+--------+--------+-----+--------+

Top non-repeatable levels by time:
    D:11: 2654 daAuts
    D:10: 2390 daAuts
    D:12: 2350 daAuts
     D:6: 2047 daAuts
     D:9: 1998 daAuts
     D:8: 1618 daAuts
     D:1: 1388 daAuts
     D:5: 1348 daAuts
     D:7: 1250 daAuts
     D:4: 1166 daAuts
     D:3: 871 daAuts
     D:2: 640 daAuts
  Temple: 87 daAuts
    D:13: 6 daAuts
